 Dungeon Crawl Stone Soup version 0.27-a0-1590-g15f69828bf (webtiles) character file.

Game seed: 13665841737649781903

99 HoaS the Poker (level 4, -1/28 HPs)
             Began as a Tengu Berserker on July 18, 2021.
             Was a Believer of Trog.
             Killed by divine providence
             ... invoked by an orc priest
              (14 damage)
             ... on level 3 of the Dungeon.
             The game lasted 00:03:18 (2939 turns).

HoaS the Poker (Tengu Berserker)                    Turns: 2939, Time: 00:03:18

Health: -1/28      AC:  2    Str: 19    XL:     4   Next: 72%
Magic:  5/5        EV: 12    Int:  7    God:    Trog [**....]
Gold:   1064       SH:  0    Dex: 13    Spells: 3/3 levels left

rFire    + . .     SeeInvis .   a - +0 spear
rCold    . . .     Faith    .   (no shield)
rNeg     . . .     Spirit   .   f - +0 robe {rF+}
rPois    .         Reflect  .   (helmet restricted)
rElec    .         Harm     .   (no cloak)
rCorr    .         Rampage  .   (no gloves)
Will     .....                  (boots unavailable)
Stlth    +.........             (no amulet)
HPRegen  0.09/turn              (no ring)
MPRegen  0.09/turn              (no ring)

@: no status effects
A: beak, talons 3
a: Renounce Religion, Berserk, Trog's Hand


You were on level 3 of the Dungeon.
You worshipped Trog.
Trog was pleased with you.
You visited 1 branch of the dungeon, and saw 3 of its levels.

You collected 1064 gold pieces.

Inventory:

Hand Weapons
 a - a +0 spear (weapon)
Armour
 f - a +0 robe of fire resistance (worn)
Scrolls
 e - a scroll of magic mapping {unknown}
 g - a scroll of immolation {unknown}
 h - a scroll of teleportation
Potions
 b - a potion of curing {unknown}
 c - a potion of invisibility {unknown}
 d - 3 potions of haste {unknown}


   Skills:
 - Level 3.0 Fighting
 + Level 5.8 Polearms
 - Level 2.1 Armour
 - Level 2.1 Dodging


You had 3 spell levels left.
You didn't know any spells.
Your spell library was empty.

Dungeon Overview and Level Annotations

Branches:
Dungeon (3/15)

Altars:


Innate Abilities, Weirdness & Mutations

You have a beak for a mouth.
You have claws for feet.


Message History

The orc wizard gestures wildly while chanting.
The orc wizard flickers and vanishes!
Deactivating autopickup; reactivate with Ctrl-A.
An orc comes into view. It is wielding a +0 flail.
An orc comes into view. It is wielding a +0 hand axe.
You reach to attack!
You hit the orc priest but do no damage.
The orc priest looks braver for a moment.
The orc priest closely misses you.
You barely miss the orc priest. You claw the orc priest.
The orc priest is lightly wounded.
The orc priest mumbles some strange prayers to Beogh against you.
Beogh smites you!
You barely miss the orc priest.
You claw the orc priest, but do no damage.
The orc priest is lightly wounded.
The orc priest misses you.
You hit the orc priest but do no damage.
You claw the orc priest.
The orc priest is lightly wounded.
The orc priest hits you but does no damage.
You hit the orc priest.
The orc priest is lightly wounded.
The orc priest looks satisfied for a moment.
You completely miss the orc priest. You peck the orc priest.
The orc priest is moderately wounded.
You hit the orc priest but do no damage.
Your peck misses the orc priest.
The orc priest is moderately wounded.
The orc priest hits you with a +0 dagger.
You barely miss the orc priest. Your kick misses the orc priest.
You peck the orc priest, but do no damage.
The orc priest is moderately wounded.
The orc priest hits you with a +0 dagger.
You barely miss the orc priest. You claw the orc priest!
The orc priest is almost dead.
The orc priest invokes the aid of Beogh against you.
Beogh smites you!
Ouch! That really hurt!
You die... # #<# ....# ####.#.# ...# #....... ...# ######## .o# # oo#

# #{################
#o##..............
#@###.####........ #####
#.# #.# #.####### .... #.#
#.# #)# #... ##### #.# #.#
#.# ... ....# #.# #.# #.#
......###.####.# #.# #.#
.#...##..)..##.# #.# #.#
##.##.###.....##.# #.# #.#
..#..............###.####.#


You could see an orc priest and 3 orcs.

Vanquished Creatures
  6 adders
  A worm (D:3)
  A dart slug (D:2)
  An endoplasm (D:1)
  2 giant cockroaches
  4 goblins
  7 jackals
  3 kobolds
  4 quokkas
  3 ball pythons
  3 bats
  3 frilled lizards
  3 rats
41 creatures vanquished.

Notes
Turn   | Place    | Note
-------+----------+-------------------------------------------
     0 | D:1      | HoaS the Tengu Berserker began the quest for the Orb.
     0 | D:1      | Reached XP level 1. HP: 14/14 MP: 2/2
   350 | D:1      | Reached XP level 2. HP: 19/19 MP: 3/3
   627 | D:1      | Reached skill level 4 in Polearms
  1117 | D:2      | Reached XP level 3. HP: 11/23 MP: 4/4
  1561 | D:2      | Reached skill level 5 in Polearms
  1700 | D:2      | Reached XP level 4. HP: 5/28 MP: 5/5
  2698 | D:3      | Identified a scroll of acquirement
  2698 | D:3      | Acquired 1003 gold pieces
  2818 | D:3      | Reached ** piety under Trog
  2939 | D:3      | Killed from afar by an orc priest

Illustrated notes

Levels and vault maps discovered:
D:1:      erik_arrival_orb_chamber, layout_basic, minmay_tall_x
D:2:      layout_basic, minmay_crystal_room
D:3:      layout_loops_ring, grunt_nemelex_the_gamble,
          shapermc_ecumenical_altar_mp_highgroup

Skill      XL: |  1  2  3 |
---------------+----------+-----
Polearms       | 4 5 |  5.8
Fighting       | |  3.0
Armour         | |  2.1
Dodging        | |  2.1

Action                   |  1- 3 |  4- 6 || total
-------------------------+-------+-------++-------
Melee: Spear             |    75 |    55 ||   130
       Peck              |    10 |     4 ||    14
       Kick              |    13 |    10 ||    23
  Use: Scroll            |     1 |     1 ||     2
 Stab: Sleeping          |     2 |     2 ||     4
Armor: Animal skin       |     1 |       ||     1
       Robe              |     3 |     5 ||     8
Dodge: Dodged            |    31 |    17 ||    48

Table legend: (Time is in decaauts)
 A = Elapsed time spent in this place.
 B = Non-inter-level travel time spent in this place.
 C = Inter-level travel time spent in this place.
 D = Time resting spent in this place.
 E = Time spent auto-exploring this place.
 F = Levels seen in this place.
 G = Mean time per level.
                   A        B        C        D        E       F      G
               +--------+--------+--------+--------+--------+-----+--------+
         Total |   2919 |   2780 |    139 |    884 |   1641 |   3 |  973.0 |
       Dungeon |   2919 |   2780 |    139 |    884 |   1641 |   3 |  973.0 |
               +--------+--------+--------+--------+--------+-----+--------+

Top non-repeatable levels by time:
     D:2: 1615 daAuts
     D:1: 1066 daAuts
     D:3: 238 daAuts
